 Dungeon Crawl Stone Soup version 0.21.1-1-g345015fe64 (webtiles) character file.

5057 JOKERXD40 the Cleaver (level 10, -6/136 HPs)
             Began as a Minotaur Berserker on July 5, 2018.
             Was a High Priest of Trog.
             Mangled by a two-headed ogre
             ... wielding a +0 giant spiked club
              (19 damage)
             ... on level 8 of the Dungeon.
             The game lasted 00:14:22 (4379 turns).

JOKERXD40 the Cleaver (Minotaur Berserker)          Turns: 4379, Time: 00:14:23

Health: -6/136     AC: 25    Str: 24    XL:     10   Next: 31%
Magic:  9/9        EV:  2    Int:  4    God:    Trog [*****.]
Gold:   386        SH:  0    Dex: 11    Spells: 9/9 levels left

rFire    . . .     SeeInvis .   a - +1 hand axe
rCold    . . .     Gourm    .   (no shield)
rNeg     + + +     Faith    .   (armour currently unavailable)
rPois    +         Spirit   .   (helmet currently unavailable)
rElec    .         Reflect  .   (cloak currently unavailable)
rCorr    .         Harm     .   (gloves currently unavailable)
MR       +....     NoTele   +   (boots currently unavailable)
Stlth    ++........             n - amulet of regeneration
HPRegen  0.72/turn              f - ring of protection from magic
MPRegen  0.11/turn              B - ring of flight

@: tree-form, berserk cooldown, very slightly contaminated, slowed, very slow
A: (retaliatory headbutt)
a: Berserk, Trog's Hand, Brothers in Arms, Burn Spellbooks, Renounce Religion


You were on level 8 of the Dungeon.
You worshipped Trog.
Trog was extremely pleased with you.
You were not hungry.
You were a tree.
You visited 1 branch of the dungeon, and saw 8 of its levels.

You collected 386 gold pieces.

Inventory:

Hand Weapons
 a - a +1 hand axe (weapon)
Missiles
 j - 4 tomahawks (quivered)
Armour
 p - a +0 pair of boots (melded)
 G - a +0 plate armour (melded)
Jewellery
 f - a ring of protection from magic (left branch)
 n - an amulet of regeneration (around neck)
 r - an uncursed ring of protection from fire
 B - a ring of flight (right branch)
Wands
 u - a wand of paralysis (7)
 C - a wand of disintegration (14)
Scrolls
 d - a scroll of enchant weapon
 e - a scroll of enchant armour {unknown}
 g - 5 scrolls of magic mapping
 l - 4 scrolls of identify {unknown}
 s - a scroll of amnesia {unknown}
 w - a scroll of remove curse
 x - 2 scrolls of fog {unknown}
 y - a scroll of teleportation {unknown}
 D - a scroll of random uselessness {unknown}
Potions
 b - a potion of agility {unknown}
 i - a potion of mutation {unknown}
 k - 2 potions of berserk rage {unknown}
 m - a potion of haste {unknown}
 o - a potion of curing {unknown}
 q - a potion of heal wounds {unknown}
 t - 2 potions of lignification
 v - a potion of degeneration {unknown}
 z - a potion of resistance {unknown}
 F - a potion of magic {unknown}
Comestibles
 c - 16 rations


   Skills:
 + Level 9.3 Fighting
 + Level 12.2 Axes
 + Level 0.1 Throwing
 + Level 9.6 Armour
 + Level 5.1 Dodging
 + Level 1.4 Stealth


You had 9 spell levels left.
You didn't know any spells.

Dungeon Overview and Level Annotations

Branches:
Dungeon (8/15)             Temple (0/1) D:4
   Lair: D:8-11

Altars:
Ashenzari
Gozag
Hepliaklqana
Nemelex Xobeh
Sif Muna
Trog
Uskayaw
Vehumet
Wu Jian
Zin


Innate Abilities, Weirdness & Mutations

((You reflexively headbutt those who attack you in melee.))
((You have a pair of horns on your head.))


Message History

The two-headed ogre hits you but does no damage. x2
You slash the two-headed ogre!
The two-headed ogre is heavily wounded.
The two-headed ogre hits you with a giant spiked club.
The two-headed ogre hits you but does no damage.
You hit the two-headed ogre.
The two-headed ogre is heavily wounded.
The two-headed ogre hits you with a giant spiked club!!
* * * LOW HITPOINT WARNING * * *
The two-headed ogre hits you with a giant spiked club!
* * * LOW HITPOINT WARNING * * *
You hit the two-headed ogre but do no damage.
The two-headed ogre is heavily wounded.
You hit the two-headed ogre.
The two-headed ogre is severely wounded.
The two-headed ogre hits you but does no damage. x2
You hit the two-headed ogre but do no damage.
The two-headed ogre is severely wounded.
The two-headed ogre hits you with a giant spiked club!!
You die...

#..# ##..## .....# #)..###
#.....# ###########
##.#)#.#########.........#
...h.........h†.h........########
##.O##.#########O######.........#
#..##.# #♣# ##.######.# ....##.#
##.## ##.## #.# ###.##.#
####..÷### #)).# #.# #.##.#
..........# #.#.# #.# #.##.#
#####..÷#.# #...# #.# ......
##.##.# #.### #.# >..##.# #.# #.#
######.###.# #.# #........#
####.#


You could see a two-headed ogre and a jackal.

Vanquished Creatures
  A two-headed ogre (D:8)
  2 hippogriffs
  4 yaks
  Eustachio (D:4)
  A human (D:7)
  The ghost of imnir the Chopper, an amateur HOFi (D:3)
  3 hogs (D:7)
  Edmund (D:3)
  Duvessa (D:4)
  3 orc warriors
  3 ogres
  A phantom (D:4)
  A centaur (D:6)
  2 bullfrogs
  Dowan (D:4)
  2 scorpions
  4 killer bees (D:8)
  5 wights
  A howler monkey (D:5)
  3 crimson imps
  3 hounds
  A bullfrog zombie (D:5)
  A jelly (D:6)
  9 orc wizards
  A centaur skeleton (D:4)
  5 orc priests
  A bullfrog skeleton (D:4)
  2 worker ants
  A killer bee zombie (D:5)
  A hound skeleton (D:7)
  Robin (D:4)
  A worker ant zombie (D:4)
  A howler monkey zombie (D:6)
  9 adders
  A shadow imp (D:7)
  An adder skeleton (D:6)
  2 worms
  A dart slug (D:2)
  33 orcs
  7 giant cockroaches
  9 hobgoblins
  3 jackals (D:8)
  A kobold (D:3)
  6 quokkas
  2 bats
  8 frilled lizards
  13 goblins
  A jackal skeleton (D:6)
  9 rats
175 creatures vanquished.

Vanquished Creatures (others)
  2 fungi (D:8)
  2 plants (D:8)
4 creatures vanquished.

Grand Total: 179 creatures vanquished

Notes
Turn   | Place    | Note
-------+----------+-------------------------------------------
     0 | D:1      | JOKERXD40 the Minotaur Berserker began the quest for the Orb.
     0 | D:1      | Reached XP level 1. HP: 19/19 MP: 0/0
   338 | D:1      | Reached XP level 2. HP: 27/27 MP: 1/1
   717 | D:2      | Reached skill level 4 in Axes
   743 | D:2      | Reached XP level 3. HP: 24/34 MP: 2/2
   808 | D:2      | Reached ** piety under Trog
   812 | D:2      | Found a sparkling altar of Nemelex Xobeh.
   814 | D:2      | Found a bloodstained altar of Trog.
   820 | D:2      | Found a glowing silver altar of Zin.
   820 | D:2      | Found a hide-covered altar of Uskayaw.
   820 | D:2      | Found a deep blue altar of Sif Muna.
   821 | D:2      | Found a radiant altar of Vehumet.
   823 | D:2      | Found an ornate altar of the Wu Jian Council.
   974 | D:2      | Reached XP level 4. HP: 41/41 MP: 3/3
  1002 | D:3      | Found an opulent altar of Gozag.
  1071 | D:3      | Reached skill level 5 in Axes
  1110 | D:3      | Reached XP level 5. HP: 47/47 MP: 4/4
  1120 | D:3      | Reached skill level 6 in Axes
  1209 | D:3      | Noticed imnir's ghost (amateur HOFi)
  1230 | D:3      | Killed imnir's ghost
  1230 | D:3      | Reached skill level 5 in Fighting
  1230 | D:3      | Reached XP level 6. HP: 43/56 MP: 5/5
  1260 | D:3      | Reached skill level 7 in Axes
  1659 | D:4      | Noticed Edmund
  1666 | D:4      | Reached *** piety under Trog
  1671 | D:3      | Killed Edmund
  1671 | D:3      | Reached XP level 7. HP: 61/61 MP: 6/6
  1691 | D:4      | Found a staircase to the Ecumenical Temple.
  1754 | D:4      | Reached skill level 8 in Axes
  1787 | D:4      | Noticed Eustachio
  1792 | D:4      | Noticed Duvessa
  1795 | D:4      | Noticed Dowan
  1801 | D:4      | Killed Eustachio
  1801 | D:4      | Reached skill level 5 in Armour
  1822 | D:4      | Killed Duvessa
  1827 | D:4      | Killed Dowan
  1827 | D:4      | Reached skill level 9 in Axes
  1827 | D:4      | Reached XP level 8. HP: 13/70 MP: 7/7
  2017 | D:4      | Noticed Robin
  2027 | D:4      | Killed Robin
  2085 | D:5      | Entered Level 5 of the Dungeon
  2085 | D:5      | Noticed a hippogriff
  2090 | D:5      | Killed a hippogriff
  2103 | D:5      | Reached **** piety under Trog
  2168 | D:5      | Found a hazy altar of Hepliaklqana.
  2247 | D:5      | Reached skill level 10 in Axes
  2476 | D:5      | Found a shattered altar of Ashenzari.
  2661 | D:6      | Reached skill level 1 in Stealth
  2668 | D:6      | HP: 3/106 [orc warrior/mace (11)]
  2912 | D:6      | Reached XP level 9. HP: 34/78 MP: 8/8
  3362 | D:7      | Reached ***** piety under Trog
  3572 | D:7      | Reached skill level 11 in Axes
  3884 | D:8      | Received a gift from Trog
  4029 | D:8      | Reached XP level 10. HP: 87/90 MP: 9/9
  4179 | D:8      | Reached skill level 12 in Axes
  4190 | D:8      | Noticed a two-headed ogre
  4336 | D:8      | Killed a two-headed ogre
  4336 | D:8      | Reached skill level 5 in Dodging
  4346 | D:8      | Noticed a two-headed ogre
  4379 | D:8      | Mangled by a two-headed ogre

Skill      XL: |  1  2  3  4  5  6  7  8  9 10 |
---------------+-------------------------------+-----
Fighting       | 4 5 6 8 9 |  9.3
Axes           | 4 5 6 7 9 10 11 12 | 12.2
Armour         | 3 5 6 9 |  9.6
Dodging        | 3 4 5 |  5.1
Stealth        | 1 |  1.4
Throwing       | |  0.1

Action                   |  1- 3 |  4- 6 |  7- 9 | 10-12 || total
-------------------------+-------+-------+-------+-------++-------
Melee: Hand axe          |    70 |    59 |   282 |    66 ||   477
       Headbutt          |     7 |    11 |    67 |    10 ||    95
Throw: Tomahawk          |       |     1 |       |       ||     1
Invok: Berserk           |       |     1 |     7 |     1 ||     9
       Burn Spellbooks   |       |       |     1 |       ||     1
  Use: Potion            |       |     2 |       |     1 ||     3
       Scroll            |       |     1 |     4 |     1 ||     6
  Eat: Chunk             |       |     2 |    16 |       ||    18
       Ration            |       |       |       |     1 ||     1
Armor: Scale mail        |    19 |    15 |    85 |     1 ||   120
       Ring mail         |     3 |       |       |       ||     3
       Plate armour      |       |       |       |    25 ||    25
       Skin              |       |       |       |     8 ||     8
Dodge: Dodged            |    43 |    34 |   129 |    23 ||   229
